 Dungeon Crawl Stone Soup version 0.23-a0-309-ge7838e6 (webtiles) character file.

83 Amnesiac the Digger (level 4, -2/30 HPs)
             Began as a Mummy Earth Elementalist on Oct 11, 2018.
             Slain by an orc
             ... wielding a +0 dagger of protection
              (5 damage)
             ... on level 3 of the Dungeon.
             The game lasted 00:02:42 (850 turns).

Amnesiac the Digger (Mummy Earth Elementalist)       Turns: 850, Time: 00:02:43

Health: -2/30      AC:  2    Str: 11    XL:     4   Next: 22%
Magic:  0/8        EV: 12    Int: 14    God:
Gold:   73         SH:  0    Dex: 13    Spells: 1/8 levels left

rFire    x . .     SeeInvis .   d - +0 dagger
rCold    + . .     Gourm    .   (no shield)
rNeg     + + +     Faith    .   c - +0 robe
rPois    ∞         Spirit   .   (no helmet)
rElec    .         Reflect  .   (no cloak)
rCorr    .         Harm     .   (no gloves)
MR       .....                  (no boots)
Stlth    ++........             (no amulet)
HPRegen  0.10/turn              (no ring)
MPRegen  0.11/turn              (no ring)

@: very slightly contaminated
A: no food or potions, fire vulnerability, cold resistance 1, negative energy
resistance 3, torment resistance, unbreathing
a: no special abilities


You were on level 3 of the Dungeon.
You were not hungry.

You visited 1 branch of the dungeon, and saw 3 of its levels.

You collected 73 gold pieces.

Inventory:

Hand Weapons
 d - a +0 dagger (weapon)
Missiles
 b - 47 stones (quivered)
Armour
 c - a +0 robe (worn)
Scrolls
 a - a scroll of blinking {!r, unknown}


   Skills:
 + Level 1.7 Short Blades
 - Level 1.5 Dodging
 - Level 2.0 Stealth
 - Level 2.6 Spellcasting
 * Level 2.1 Transmutations
 - Level 2.7 Earth Magic


You had one spell level left.
You knew the following spells:

 Your Spells              Type           Power        Failure   Level  Hunger
a - Sandblast             Erth           #.....       8%          1    N/A
b - Passwall              Tmut/Erth      #.......     12%         2    N/A
e - Petrify               Tmut/Erth      #.......     63%         4    N/A

Your spell library contained the following spells:

 Spells                   Type           Power        Failure   Level  Hunger
 Stone Arrow              Conj/Erth      #.....       36%         3    N/A
 Lee's Rapid Deconstruct  Erth           #.........   90%         5    N/A

Dungeon Overview and Level Annotations

Branches:
Dungeon (3/15)

Altars:

Annotations:
D:1 exclusion: gnoll
D:2 2 transporters


Innate Abilities, Weirdness & Mutations

You do not eat or drink.
Your flesh is vulnerable to fire.
You are immune to poison.
Your flesh is cold resistant. (rC+)
You are immune to negative energy. (rN+++)
You are immune to unholy pain and torment.
You can survive without breathing.


Message History

You closely miss the orc.
The orc is almost dead.
The orc hits you but does no damage.
Casting: Sandblast (safe; 8% risk of failure)
Confirm with . or Enter, or press ? or * to list all spells.
You don't have enough magic to cast that spell.
You hit the orc but do no damage.
The orc is almost dead.
The orc hits you but does no damage.
Casting: Sandblast (safe; 8% risk of failure)
Confirm with . or Enter, or press ? or * to list all spells.
You don't have enough magic to cast that spell.
You hit the orc but do no damage.
The orc is almost dead.
The orc barely misses you.
Casting: Sandblast (safe; 8% risk of failure)
Confirm with . or Enter, or press ? or * to list all spells.
Aiming: Sandblast (safe; 8% risk of failure)
Press: ? - help, Shift-Dir - straight line, f/p - orc
Aim: an orc, wielding a dagger of protection and wearing a leather armour You miscast Sandblast.
You are very lightly contaminated with residual magic.
Nothing appears to happen.
The orc misses you.
You closely miss the orc.
The orc is almost dead.
The orc hits you with a dagger of protection.
* * * LOW HITPOINT WARNING * * *
Casting: Sandblast (safe; 8% risk of failure)
Confirm with . or Enter, or press ? or * to list all spells.
You don't have enough magic to cast that spell.
You hit the orc but do no damage.
The orc is almost dead.
The orc hits you with a dagger of protection.
* * * LOW HITPOINT WARNING * * *
Casting: Sandblast (safe; 8% risk of failure)
Confirm with . or Enter, or press ? or * to list all spells.
You don't have enough magic to cast that spell.
Unknown command.
You barely miss the orc.
The orc is severely wounded.
Casting: Sandblast (safe; 8% risk of failure)
Confirm with . or Enter, or press ? or * to list all spells.
Aiming: Sandblast (safe; 8% risk of failure)
Press: ? - help, Shift-Dir - straight line, f/p - orc
Aim: an orc, wielding a dagger of protection and wearing a leather armour The blast of sand hits the orc.
The orc is severely wounded.
b - 48 stones The orc barely misses you.
Unknown command.
Casting: Sandblast (safe; 8% risk of failure)
Confirm with . or Enter, or press ? or * to list all spells.
Aiming: Sandblast (safe; 8% risk of failure)
Press: ? - help, Shift-Dir - straight line, f/p - orc
Aim: an orc, wielding a dagger of protection and wearing a leather armour The blast of sand hits the orc.
The orc is severely wounded.
b - 47 stones The orc hits you with a dagger of protection.
* * * LOW HITPOINT WARNING * * *
You barely miss the orc.
The orc is severely wounded.
The orc hits you with a dagger of protection.
You die...

##################
#.o....w.......##.
#@#########.......
#.# ##...#.. #.#
##.##.# #.# #.##.#
#.# #..... ..#
#.##.# ### ####
#)##.# #...##
#.##.# .
#..###.##.#


You could see a worm and an orc.

Vanquished Creatures
  6 adders
  A worm (D:2)
  4 orcs (D:3)
  3 giant cockroaches
  2 goblins
  A hobgoblin (D:2)
  2 jackals (D:1)
  3 frilled lizards (D:2)
  3 kobolds (D:2)
25 creatures vanquished.

Notes
Turn   | Place    | Note
-------+----------+-------------------------------------------
     0 | D:1      | Amnesiac the Mummy Earth Elementalist began the quest for
                  | the Orb.
     0 | D:1      | Reached XP level 1. HP: 13/13 MP: 4/4
   157 | D:2      | Reached skill level 1 in Short Blades
   157 | D:2      | Reached XP level 2. HP: 19/19 MP: 2/5
   161 | D:2      | Learned a level 2 spell: Passwall
   181 | D:2      | Reached skill level 1 in Transmutations
   409 | D:2      | Noticed a gnoll sergeant
   410 | D:2      | Found a transporter.
   410 | D:2      | Noticed a scorpion
   414 | D:2      | Found a transporter.
   453 | D:2      | Reached XP level 3. HP: 22/24 MP: 4/7
   686 | D:3      | Reached XP level 4. HP: 28/30 MP: 3/8
   692 | D:3      | Learned a level 4 spell: Petrify
   850 | D:3      | Slain by an orc

Vault maps used:
D:1:      ncdulo_lavacross, minivault_4
D:2:      kb_forest_paths, gammafunk_temple_overflow_arena, first_ration
D:3:      chequers_ecumenical_altar_island

Skill      XL: |  1  2  3  4 |
---------------+-------------+-----
Short Blades   | 1 |  1.7
Transmutations | 1 2 |  2.1
Stealth        | 2 |  2.0
Dodging        | |  1.5
Spellcasting   | |  2.6
Earth Magic    | |  2.7

Action                   |  1- 3 |  4- 6 || total
-------------------------+-------+-------++-------
Melee: Dagger            |    37 |    26 ||    63
 Cast: Sandblast         |    27 |    16 ||    43
       Passwall          |       |     2 ||     2
 Stab: Sleeping          |       |     2 ||     2
Armor: Robe              |     8 |     2 ||    10
Dodge: Dodged            |    31 |    22 ||    53

Table legend:
 A = Non-vault XP
 B = Vault XP
 C = Vault XP percentage of total XP
 D = Non-vault monster count
 E = Vault monster count
 F = Vault count percentage of total count
                 A         B        C        D         E       F
            +---------+---------+-------+---------+---------+-------
      Total |     104 |      15 |  12.6 |      23 |       2 |   8.0
            +---------+---------+-------+---------+---------+-------
        D:1 |      10 |       0 |   0.0 |       5 |       0 |   0.0
        D:2 |      56 |      15 |  21.1 |      12 |       2 |  14.3
        D:3 |      38 |       0 |   0.0 |       6 |       0 |   0.0
            +---------+---------+-------+---------+---------+-------
